 Dungeon Crawl Stone Soup version 0.17.2-1-ge4368a0 (webtiles) character file.

145 Goblin1989 the Ruffian (level 5, 0/38 HPs)
             Began as a Demonspawn Gladiator on Oct 24, 2016.
             Slain by an orc wizard
             ... wielding a +0 dagger
              (2 damage)
             ... on level 4 of the Dungeon.
             The game lasted 00:07:39 (2569 turns).

Goblin1989 the Ruffian (Demonspawn Gladiator)       Turns: 2569, Time: 00:07:39

Health: 0/38       AC:  6    Str: 16      XL:     5   Next: 6%
Magic:  0/5        EV: 12    Int: 11 (15) God:
Gold:   142        SH:  0    Dex: 18      Spells: 0 memorised, 4 levels left

rFire  + . .     SeeInvis +       - Unarmed
rCold  + . .     Clarity  .     p - +0 ring mail
rNeg   . . .     SustAt   .     (no shield)
rPois  +         Gourm    .     c - +0 helmet
rElec  +         Spirit   +     (no cloak)
rCorr  +         Warding  .     (no gloves)
rMut   .         Stasis   .     (no boots)
MR     .....                    (no amulet)
Stlth  +.........               s - ring of see invisible
                                a - +5 ring of dexterity

@: brilliant, resistant, not resistant to hostile enchantments, very unstealthy
A: claws 1, magic shield, no device heal 1
a: no special abilities


You were on level 4 of the Dungeon.
You were very hungry.

You visited 1 branch of the dungeon, and saw 4 of its levels.

You collected 142 gold pieces.

Inventory:

Armour
 c - a +0 helmet (worn)
 p - a +0 ring mail (worn)
Jewellery
 a - a +5 ring of dexterity (left claw)
 i - an uncursed ring of sustain attributes {unknown}
 l - an uncursed ring of ice {unknown}
 s - a ring of see invisible (right claw)
Scrolls
 b - a scroll of blinking {unknown}
 j - a scroll of fog {unknown}
 n - a scroll of enchant weapon {unknown}
 o - 3 scrolls of amnesia
 R - a scroll of identify {@r1}
Potions
 q - a potion of mutation {!q}
Comestibles
 e - a bread ration {@e1}
 h - 2 beef jerkies


   Skills:
 - Level 2.2 Fighting
   Level 2.9 Staves
 - Level 1.9 Throwing
 - Level 2.8 Dodging
 + Level 3.9 Unarmed Combat


You had 4 spell levels left.
You didn't know any spells.

Dungeon Overview and Level Annotations

Branches:
Dungeon (4/15)
 Temple: D:4-7

Altars:
Dithmenos
Elyvilon
Okawaru
Vehumet
Xom
The Shining One


Innate Abilities, Weirdness & Mutations

You have sharp fingernails.
When hurt, damage is shared between your health and your magic reserves.
Potions and wands are less effective at restoring your health.


Message History

The orc wizard looks braver for a moment.
The orc wizard struggles to escape the net.
The orc wizard misses you. The orc wizard completely misses you.
Unknown command.
Read which item? (? for menu, Esc to quit)
As you read the scroll labeled FUMAIC TOLAY, it crumbles to dust.
You feel blessed for a moment.
It was a scroll of remove curse.
The orc wizard barely misses you.
The orc wizard struggles against the net.
The orc wizard points at you and mumbles some strange words.
The puff of frost hits you! You resist.
* * * LOW HITPOINT WARNING * * *
You take 2 damage, and have 2/38 hp.
You now have 0/5 mp.
Read which item? (? for menu, Esc to quit)
As you read the scroll labeled UTIGYAN AHADU, it crumbles to dust.
It is a scroll of identify.
Identify which item? (\ to view known items) (? for menu, Esc to quit)
o - 3 scrolls of amnesia;
R - a scroll of identify The orc wizard hits you with a dagger.
You die...

██..█ █..█
██.██ .
██o.█ █..
█...█ █...
█...█ █..█
█...█ █..█
█...████..█
█...oo@..█
██...oo..█
█.......█
█...██...█
██..██
█...█
██..██
█.....
██..██
█....
██(.██ ....
██..██ ...


You could see 4 orc wizards.

Vanquished Creatures
  Jessica (D:3)
  A worker ant (D:4)
  3 adders
  2 adder skeletons
  A worm (D:3)
  A giant gecko (D:1)
  An orc (D:3)
  A ball python (D:1)
  8 hobgoblins
  3 jackals (D:3)
  4 kobolds
  A quokka (D:3)
  10 bats
  6 giant cockroaches
  2 giant newts
  6 goblins
  6 rats (D:1)
57 creatures vanquished.

Notes
Turn   | Place    | Note
--------------------------------------------------------------
     0 | D:1      | Goblin1989 the Demonspawn Gladiator began the quest for the Orb.
     0 | D:1      | Reached XP level 1. HP: 16/16 MP: 1/1
   353 | D:1      | Gained mutation: You have sharp fingernails. [demonic ancestry]
   353 | D:1      | Reached XP level 2. HP: 17/22 MP: 2/2
   572 | D:1      | Reached skill level 1 in Unarmed Combat
  1074 | D:2      | Reached XP level 3. HP: 20/27 MP: 3/3
  1216 | D:2      | Found an iron altar of Okawaru.
  1292 | D:3      | Noticed Jessica
  1316 | D:3      | Killed Jessica
  1316 | D:3      | Reached skill level 3 in Unarmed Combat
  1316 | D:3      | Gained mutation: When hurt, damage is shared between your health and your magic reserves. [demonic ancestry]
  1316 | D:3      | Reached XP level 4. HP: 19/33 MP: 4/4
  1912 | D:3      | Found a glowing golden altar of the Shining One.
  1912 | D:3      | Found a white marble altar of Elyvilon.
  1912 | D:3      | Found a shadowy altar of Dithmenos.
  1921 | D:3      | Found a radiant altar of Vehumet.
  2338 | D:4      | Reached XP level 5. HP: 31/38 MP: 3/5
  2533 | D:4      | Found a shimmering altar of Xom.
  2554 | D:4      | Gained mutation: Your mind is acute. (Int +2) [potion of mutation]
  2554 | D:4      | Gained mutation: Potions and wands are less effective at restoring your health. [potion of mutation]
  2554 | D:4      | Lost mutation: Your mind is acute. (Int +2) [potion of mutation]
  2569 | D:4      | Slain by an orc wizard

Action                   |  1- 3 |  4- 6 || total
-------------------------+-------+-------++-------
Melee: Quarterstaff      |    40 |       ||    40
       Unarmed           |   104 |    60 ||   164
Throw: Throwing net      |     3 |     4 ||     7
  Use: Potion            |       |     4 ||     4
       Scroll            |       |     2 ||     2
 Stab: Sleeping          |     3 |     1 ||     4
       Held in net/web   |       |     1 ||     1
  Eat: Chunk             |       |     4 ||     4

Vault maps used:
D:1:      mrwooster_arrival_arrow
D:2:      ecumenical_altar_1, okawaru_metal_pillars_1_2
D:3:      nicolae_overflow_quartered_altars, uniq_jessica
D:4:      grunt_temple_overflow_order_and_chaos_1, lemuel_crystal_altar
